Map: Lightshade LE

Players

Krystianer

  • Race: Protoss Protoss
  • League: Grandmaster

BlyOnFire (Bly) - Winner!

  • Race: Zerg Zerg

Event: DreamHack SC2 Masters 2021 Summer

VOD

Have the link to the VOD?

Description

Time

  • Played on: May 27, 2021, 10:20 a.m.
  • Length: 14:10

All games in this series

Show
View Real Time Build Order
Export as new Build Order

Krystianer Protoss 

Build Orders: 1 Gate Expand, Oracle Opening, Zealot Archon 

Get SALT Encoding   

  12  0:00  Probe  
  13  0:12  Probe  
  14  0:18  Pylon  
  14  0:24  Probe  
  15  0:36  Probe (Chrono Boost)  
  15  0:40  Gateway  
  16  0:46  Probe (Chrono Boost), Assimilator  
  17  0:51  Probe (Chrono Boost)  
  18  1:03  Probe  
  19  1:15  Probe  
  20  1:23  Nexus  
  20  1:33  Cybernetics Core  
  20  1:36  Probe  
  21  1:41  Assimilator  
  21  1:48  Probe  
  21  1:51  Pylon  
  22  2:00  Probe  
  23  2:06  Adept (Chrono Boost)  
  23  2:13  Probe  
  26  2:18  Stargate  
  26  2:25  Probe (Chrono Boost)  
  26  2:29  Adept  
  29  2:30  Warp Gate  
  29  2:36  Probe (Chrono Boost)  
  31  2:37  Probe (Chrono Boost)  
  33  2:44  Probe x2 (Chrono Boost)  
  33  2:49  Probe  
  34  2:51  Probe  
  35  3:02  Probe  
  35  3:04  Oracle  
  40  3:05  Probe  
  40  3:14  Probe  
  40  3:19  Probe  
  42  3:22  Gateway  
  42  3:24  Pylon  
  42  3:26  Stalker  
  42  3:27  Probe  
  45  3:31  Probe  
  46  3:40  Oracle (Chrono Boost)  
  46  3:42  Probe  
  46  3:43  Probe  
  46  3:46  Pylon  
  51  3:52  Nexus  
  51  3:54  Probe  
  52  3:56  Probe  
  52  3:59  Assimilator  
  53  4:03  Assimilator  
  53  4:08  Probe, Oracle (Chrono Boost), Pylon  
  55  4:14  Probe  
  58  4:20  Probe  
  59  4:26  Probe (Chrono Boost)  
  59  4:27  Twilight Council  
  59  4:28  Forge  
  60  4:36  Probe (Chrono Boost)  
  60  4:37  Pylon  
  62  4:38  Probe (Chrono Boost)  
  62  4:43  Gateway x2  
  63  4:47  Probe (Chrono Boost)  
  63  4:48  Probe (Chrono Boost)  
  63  4:50  Protoss Ground Weapons Level 1  
  64  4:53  Probe  
  64  4:56  Probe  
  66  5:05  Probe (Chrono Boost)  
  66  5:06  Probe (Chrono Boost)  
  68  5:11  Sentry  
  68  5:12  Probe (Chrono Boost), Sentry  
  73  5:18  Probe (Chrono Boost)  
  73  5:21  Assimilator  
  76  5:23  Probe (Chrono Boost)  
  76  5:24  Probe (Chrono Boost)  
  76  5:25  Probe (Chrono Boost), Gateway x2, Assimilator  
  76  5:27  Charge (Chrono Boost)  
  77  5:29  Probe  
  77  5:32  Probe, Templar Archives  
  77  5:33  Probe  
  80  5:41  Probe  
  80  5:44  Probe  
  80  5:45  Probe  
  80  5:46  Pylon  
  82  5:50  Gateway x2  
  82  5:53  Probe, Pylon  
  82  5:56  Probe  
  84  5:57  Probe  
  84  5:58  Zealot x2  
  84  6:03  Robotics Facility  
  89  6:08  Probe  
  89  6:09  Pylon  
  90  6:14  Zealot x2  
  94  6:21  Pylon  
  94  6:25  High Templar x2  
  94  6:26  High Templar x2  
  94  6:30  Gateway, Archon x2  
  102  6:36  Gateway, Zealot  
  102  6:37  Zealot  
  102  6:38  Gateway  
  104  6:40  Pylon  
  104  6:43  Nexus  
  104  6:47  Warp Prism (Chrono Boost)  
  106  6:55  High Templar, Shield Battery  
  106  6:56  High Templar x2  
  106  6:58  High Templar  
  114  7:01  Pylon  
  114  7:02  Zealot x2  
  114  7:03  Archon  
  114  7:05  Zealot x2  
  114  7:06  Archon  
  122  7:30  Zealot x7  
  122  7:31  Zealot  
  122  7:33  Zealot  
  140  7:38  Pylon  
  140  7:40  Pylon  
  140  7:42  Pylon  
  130  7:49  Probe x3  
  129  7:52  Psionic Storm, Zealot x6  
  141  7:59  Probe  
  141  8:03  Probe x2  
  144  8:18  High Templar x8  
  160  8:25  Zealot x2  
  164  8:29  Probe x2  
  164  8:31  Observer (Chrono Boost)  
  164  8:32  Probe  
  164  8:33  Probe  
  164  8:34  Protoss Ground Weapons Level 2  
  169  8:35  Pylon  
  169  8:36  Assimilator  
  169  8:40  Assimilator  
  162  8:50  Probe  
  152  8:55  Probe  
  152  8:57  Zealot x3  
  152  8:59  Sentry  
  151  9:08  Probe, Zealot x3  
  151  9:09  Zealot x2, Immortal  
  154  9:11  Probe  
  154  9:15  Probe  
  144  9:17  Probe  
  144  9:21  Probe  
  144  9:22  Zealot  
  144  9:23  Zealot x2  
  133  9:31  Pylon  
  133  9:33  High Templar x4, Zealot  
  133  9:35  Probe  
  133  9:37  Archon x2  
  128  9:45  Probe, Warp Prism (Chrono Boost)  
  129  9:46  Probe  
  126  10:04  Probe  
  120  10:14  Observer, Zealot x7  
  134  10:23  Sentry  
  136  10:29  Probe x2  
  136  10:33  Probe  
  135  10:41  Probe  
  126  10:49  High Templar x4, Zealot x2  
  133  10:50  Zealot x2  
  133  10:54  Archon x2  
  135  10:58  Cybernetics Core  
  129  11:10  Zealot x3  
  130  11:27  Zealot x3  
  130  11:28  Probe  
  130  11:29  Probe  
  138  11:38  Probe  
  139  11:45  Probe x2  
  141  11:52  Nexus  
  135  11:55  Phoenix (Chrono Boost)  
  121  12:02  High Templar  
  121  12:03  High Templar x2  
  121  12:04  High Templar  
  121  12:07  Archon  
  126  12:10  Archon  
  126  12:12  Phoenix (Chrono Boost)  
  124  12:20  Probe x3  
  116  12:32  Probe  
  116  12:33  Phoenix (Chrono Boost)  
  109  12:38  Probe  
  109  12:39  Probe  
  109  12:42  Stalker x2  
  115  12:46  Probe  
  116  12:52  Zealot  
  116  12:53  Zealot x3  
  124  13:06  Probe  
  124  13:07  Photon Cannon  
  124  13:11  Zealot x3  
  121  13:23  Stalker x2  
  97  13:46  Probe  
  92  13:49  Probe  
  92  13:50  Probe  
  92  13:58  Probe  
Show
View Real Time Build Order
Export as new Build Order

BlyOnFire Zerg - Winner!

Build Orders: Hatch First, Swarm Host 

Get SALT Encoding   

  12  0:00  Drone  
  13  0:12  Overlord  
  13  0:16  Drone  
  14  0:30  Drone x2  
  16  0:47  Hatchery  
  15  0:50  Drone  
  15  0:54  Drone  
  17  0:57  Drone  
  18  1:09  Extractor  
  17  1:12  Spawning Pool  
  17  1:15  Drone  
  17  1:18  Drone  
  18  1:27  Drone  
  19  1:39  Drone  
  20  1:50  Overlord  
  20  1:59  Queen x2  
  20  2:00  Zergling x4  
  26  2:10  Drone x2  
  26  2:12  Metabolic Boost  
  28  2:22  Drone x2  
  30  2:37  Hatchery  
  30  2:40  Zergling x2  
  30  2:44  Queen  
  30  2:48  Overlord  
  31  3:01  Drone x2  
  31  3:02  Drone x2  
  34  3:15  Drone x5, Spore Crawler  
  38  3:22  Queen  
  40  3:29  Queen  
  40  3:30  Overlord  
  42  3:37  Drone x2  
  42  3:40  Overlord  
  44  3:44  Overlord  
  44  3:52  Drone x5  
  49  3:57  Spore Crawler  
  49  4:01  Overlord  
  49  4:02  Drone x2  
  49  4:11  Drone x4  
  49  4:12  Drone  
  49  4:17  Overlord  
  54  4:24  Lair  
  54  4:27  Zergling x8  
  58  4:32  Spore Crawler  
  58  4:33  Drone x4  
  61  4:39  Roach Warren  
  61  4:40  Drone x2  
  62  4:54  Drone  
  62  4:55  Drone x7  
  62  4:57  Extractor x2  
  62  4:58  Extractor  
  62  4:59  Extractor  
  66  5:00  Extractor, Drone x4  
  66  5:04  Queen  
  71  5:07  Drone  
  71  5:08  Drone x2  
  71  5:11  Overlord  
  70  5:23  Drone x3  
  70  5:24  Drone x2  
  70  5:25  Drone  
  76  5:28  Glial Reconstitution  
  76  5:30  Evolution Chamber, Overseer  
  75  5:37  Hatchery  
  75  5:39  Drone x4  
  78  5:49  Drone x3  
  81  5:50  Drone x2  
  81  5:52  Infestation Pit  
  81  5:54  Roach  
  81  5:55  Roach x2  
  88  6:06  Roach  
  88  6:07  Roach x3  
  96  6:11  Zerg Missile Weapons Level 1  
  96  6:16  Hatchery, Overlord  
  96  6:17  Overlord x4  
  95  6:21  Queen  
  95  6:23  Queen  
  97  6:32  Overseer  
  96  6:36  Roach x10  
  116  6:49  Overlord  
  116  6:54  Overseer  
  116  6:56  Swarm Host x6  
  133  7:07  Swarm Host x3  
  142  7:13  Overlord  
  142  7:14  Overlord x3  
  142  7:28  Roach x5  
  151  7:34  Roach x5  
  159  7:39  Hatchery  
  154  7:46  Roach x7  
  168  7:57  Ravager x7  
  175  8:00  Overlord x2  
  175  8:01  Overlord  
  175  8:15  Overlord  
  175  8:19  Roach x12  
  199  8:31  Zerg Missile Weapons Level 2  
  199  8:33  Spire  
  193  9:02  Roach x7  
  185  9:12  Roach x8  
  195  9:21  Roach  
  195  9:22  Roach x3  
  186  9:36  Roach x15  
  192  9:55  Extractor  
  192  9:56  Extractor  
  192  9:58  Roach x5  
  195  10:12  Ravager  
  195  10:13  Ravager x6  
  194  10:39  Mutalisk x3  
  194  10:40  Mutalisk x3  
  194  10:41  Zergling x12  
  191  11:12  Ravager x9  
  191  11:17  Spine Crawler  
  195  11:18  Spine Crawler  
  195  11:19  Spine Crawler  
  195  11:20  Overseer  
  195  11:24  Zergling x22  
  195  11:25  Zergling x20  
  189  11:42  Roach x5  
  191  12:12  Ravager x2  
  191  12:13  Ravager x7  
  195  12:24  Mutalisk x2  
  195  12:28  Spine Crawler  
  195  12:29  Spine Crawler  
  196  12:31  Spine Crawler  
  193  12:42  Mutalisk  
  193  12:43  Mutalisk x5  
  193  12:51  Spine Crawler  
  193  12:52  Drone x3  
  193  12:53  Spine Crawler  
  193  12:57  Extractor  
  193  13:02  Extractor, Baneling Nest  
  189  13:38  Spine Crawler  
  189  13:39  Spine Crawler x3  
  189  13:40  Drone, Spine Crawler x2, Zergling x28  
  189  13:41  Zergling x4  
  189  13:50  Roach x3  
Tags
 
Add a new tag
Caveats
  • Supply blocks, unpowered buildings, or Contaminate may cause inaccurate times.
  • Supply counts are checked every 10 seconds.